Arrhythmia, chaotic female vampiric Convict -----e- #|.ooZ@. ##oo'@xl| ------ ##|.ood.| |....+#####------- |..<.| # |.(...## ------ Arrhythmia the Jail-bird Experience level: 6 Strength: 18 Dexterity: 9 Constitution: 19 Intelligence: 13 Wisdom: 8 Charisma: 11 Health: 0(68) Energy: 28(28) AC: 9 Gold: 0 Moves: 2929 Your Inventory: Weapons r - an [uncursed] rustproof [+0] broadsword named Luck Blade [Luck Blade] Armor l - an [uncursed] +0 pair of walking shoes [low] (being worn) Scrolls p - an [uncursed] scroll labeled GNIK SISI VLE [of food detection] C - an [uncursed] scroll labeled MAPIRO MAHAMA DIROMAT [of identify] Wands E - an [uncursed] wand of teleportation [0:4] Tools f - an [uncursed] bag of tricks named Empty [0:0] Contents of the bag of tricks named Empty: 355 gold pieces an [uncursed +0] broad pick [dwarvish mattock] an uncursed +0 striped shirt an [uncursed] unlabeled scroll [of blank paper] a [cursed] black potion [of enlightenment] an [uncursed] wand of magic missile [0:5] a [blessed] wand of striking [0:6] Spells known in the end: Name Level Category Fail Memory Your skills at the end: Fighting Skills Weapon Skills sling [Basic / Skilled] Spellcasting Skills Final Attributes: You were piously aligned. Hunger level was 869. Your alignment was 24 / 24. Monster difficulty range was 1 - 6. Level difficulty was 6. You were immune to level-drain. You were immune to sickness. You could fly. You could survive without air. You were held by a rope golem. You regenerated. You were lucky (3). You had extra luck. Bad luck did not time out for you. Good luck did not time out for you. You are dead. Vanquished creatures: a housecat a fog cloud a shrieker a gray ooze a giant ant 3 floating eyes a hill orc a centipede a werejackal 4 acid blobs 2 hobbits 2 giant rats a cave spider a brown mold 4 yellow molds a gnome zombie 5 geckos 4 jackals a fox 5 goblins 2 sewer rats 4 grid bugs 3 lichens 2 kobold zombies a newt 53 creatures vanquished. Voluntary challenges: You went without food. You never hit with a wielded weapon. You read items or engraved 7 times. You put on armor 5 times. You never genocided any monsters. You never polymorphed an object. You never changed form. You used no wishes. You abstained from Elbereth's help. You never encountered a bones level. You never used any Sokoban shortcuts. Dungeon overview: The Dungeons of Doom: levels 1 to 6 Level 1 an altar to Tymora, a fountain a long staircase Level 2 a general store Level 3 a fountain a long staircase Level 6 <- You were here a fountain History has recorded: On T:1 you entered the Dungeons of Doom to retrieve the Amulet of Yendor! On T:362 you reached level 2 of The Dungeons of Doom. On T:374 you advanced to experience level 2. On T:377 you reached level 3 of The Dungeons of Doom. On T:639 you advanced to experience level 3. On T:1217 you advanced to experience level 4. On T:1578 you received Luck Blade from Tymora. On T:1583 you advanced to experience level 5. On T:1987 you reached level 4 of The Dungeons of Doom. On T:2330 you advanced to experience level 6. On T:2358 you reached level 5 of The Dungeons of Doom. On T:2441 you reached level 6 of The Dungeons of Doom. Latest messages: The rope golem grabs you! The dog bites! The hill orc hits! The hill orc thrusts his crude dagger. The hill orc hits! The hill orc wields a curved sword! The hill orc hits! The hill orc thrusts his crude dagger. The hill orc hits! The dog bites! [HP-21=26] The rope golem hits! (2x) You are being choked. The dog bites! The hill orc hits! The hill orc thrusts his crude dagger. The hill orc hits! The hill orc wields a curved sword! The curved sword welds itself to the hill orc's hand! The hill orc hits! The hill orc thrusts his crude dagger. The hill orc hits! You die... Final status: Goodbye Arrhythmia the Convict... You died in The Dungeons of Doom on dungeon level 6 with 2066 points, and 355 pieces of gold, after 2929 moves. You were level 6 with a maximum of 68 hit points when you died.